 Dungeon Crawl Stone Soup version 0.23.1 (webtiles) character file.

Game seed: 0

12825 gohu the Fighter (level 11, -1/133 (135) HPs)
             Began as a Demonspawn Fighter on Mar 16, 2019.
             Was a High Priest of Trog.
             Slain by a worker ant (4 damage)
             ... on level 11 of the Dungeon.
             The game lasted 00:58:43 (12071 turns).

gohu the Fighter (Demonspawn Fighter)              Turns: 12071, Time: 00:58:44

HP:   -1/133 (135)  AC: 26    Str: 22    XL:     11   Next: 67%
MP:   11/11         EV:  6    Int: 11    God:    Trog [*****.]
Gold: 293           SH: 13    Dex: 14    Spells: 10/10 levels left

rFire    . . .     SeeInvis .   c - +4 war axe
rCold    + . .     Gourm    +   t - +2 shield
rNeg     + . .     Faith    .   a - +0 storm dragon scales
rPois    .         Spirit   .   (helmet restricted)
rElec    +         Reflect  .   E - +0 cloak
rCorr    .         Harm     .   q - +2 pair of gloves
MR       .....                  y - +2 pair of boots {run}
Stlth    ..........             C - amulet of the gourmand
HPRegen  0.32/turn              A - ring of positive energy
MPRegen  0.12/turn              o - +2 ring of protection

@: berserking, lethally poisoned (-1 -> -26), drained, very quick
A: antennae 2, molten scales 2, cold resistance 1
a: Berserk, Trog's Hand, Brothers in Arms, Renounce Religion


You were on level 11 of the Dungeon.
You worshipped Trog.
Trog was extremely pleased with you.
You were full.

You visited 1 branch of the dungeon, and saw 11 of its levels.

You collected 518 gold pieces.
You spent 225 gold pieces at shops.

Inventory:

Hand Weapons
 c - a +4 war axe (weapon)
 k - a +1 whip of flaming
Armour
 a - +0 storm dragon scales (worn)
 b - a +0 scale mail
 g - a +0 large shield
 q - a +2 pair of gloves (worn)
 t - a +2 shield (worn)
 y - a +2 pair of boots of running (worn)
 D - a +0 plate armour
 E - a +0 cloak (worn)
Jewellery
 o - a +2 ring of protection (right hand)
 A - a ring of positive energy (left hand)
 C - an amulet of the gourmand (around neck)
 L - an uncursed amulet of rage {unknown}
Wands
 x - a wand of paralysis (5)
 B - a wand of random effects (24)
 F - a wand of enslavement (5)
 H - a wand of scattershot (5)
 M - a wand of acid (6)
 N - a wand of digging (7)
Scrolls
 e - 7 scrolls of remove curse
 h - 2 scrolls of immolation
 i - 5 scrolls of fog
 j - 4 scrolls of amnesia
 m - 5 scrolls of identify
 n - 6 scrolls of teleportation
 u - a scroll of blinking
 J - a scroll of magic mapping
Potions
 d - 2 potions of might
 l - 2 potions of mutation {unknown}
 p - a potion of lignification
 r - a potion of haste
 s - 2 potions of heal wounds {unknown}
 v - a potion of brilliance
 w - 4 potions of curing {unknown}
 z - 2 potions of berserk rage {unknown}
 I - a potion of invisibility {unknown}
 K - a potion of cancellation {unknown}
Comestibles
 f - 13 rations


   Skills:
 - Level 9.9(8.9) Fighting
 * Level 9.9(8.9) Axes
 + Level 8.7(7.7) Armour
 + Level 8.7(7.7) Shields


You had 10 spell levels left.
You didn't know any spells.
Your spell library was empty.

Dungeon Overview and Level Annotations

Branches:
Dungeon (11/15)            Temple (0/1) D:4            Lair (0/6) D:9
    Orc (0/2) D:10

Altars:
Cheibriados
Dithmenos
Elyvilon
Hepliaklqana
Ru
Sif Muna
Trog
Wu Jian
Xom
Zin
The Shining One

Shops:
D:5 }   D:8 [


Innate Abilities, Weirdness & Mutations

You have a pair of antennae on your head.
You are mostly covered in molten scales. (AC +3)
Your flesh is cold resistant. (rC+)


Message History

* * * LOW HITPOINT WARNING * * *
You feel very sick.
The black bear bites you but does no damage.
You block the black bear's attack. x2
You slice the black bear!!
You kill the black bear!
Trog accepts your kill.
* * * LOW HITPOINT WARNING * * *
You feel sick.
You completely miss the worker ant.
* * * LOW HITPOINT WARNING * * *
You feel sick.
You closely miss the worker ant.
* * * LOW HITPOINT WARNING * * *
You feel sick.
The worker ant bites you but does no damage.
Your shield and storm dragon scales prevent you from hitting the worker ant.
* * * LOW HITPOINT WARNING * * *
You feel sick. The worker ant bites you.
You die...

#. ... ###### #...
####### #....# #....
#.....## #....#
#.....##......# #....#
.............#######....#
#.....##.....##...#.....#
#.o.. #a######...#.....#
+... +.@........'.....#
#.. #.....######.....# ##
#.....#......#####
#.....#......#
#.....#......#
#.....#......# .
#.....+......# ..
#.....#......# ..
####+##......######


You could see a worker ant.

Vanquished Creatures
  Erolcha (D:11)
  A two-headed ogre (D:9)
  Nergalle (D:11)
  Pikel (D:5)
  A manticore (D:11)
  An elephant (D:9)
  Grinder (D:5)
  2 hornets (D:11)
  Prince Ribbit (D:5)
  Sigmund (D:5)
  3 hippogriffs
  6 yaks
  3 hungry ghosts
  Menkaure (D:6)
  Edmund (D:5)
  2 slaves (D:5)
  2 ice beasts
  8 ogres
  8 orc warriors
  A sky beast (D:9)
  3 phantoms
  2 black bears (D:11)
  A necrophage (D:8)
  6 centaurs
  4 crocodiles
  9 bullfrogs
  4 scorpions
  A water moccasin skeleton (D:11)
  8 killer bees
  12 wights
  3 vampire bats (D:5)
  2 howler monkeys
  8 crimson imps
  A centaur zombie (D:10)
  A quasit (D:10)
  7 hounds
  2 bullfrog skeletons
  A centaur skeleton (D:7)
  3 jellies
  12 orc priests
  11 orc wizards
  3 iguanas
  8 worker ants
  A howler monkey zombie (D:6)
  A worker ant zombie (D:9)
  3 gnolls (D:3)
  A howler monkey skeleton (D:9)
  16 adders
  2 shadow imps (D:6)
  2 oozes
  An adder zombie (D:8)
  6 worms
  2 dart slugs
  3 leopard geckos
  29 orcs
  3 ball pythons
  A giant cockroach (D:3)
  5 goblins
  7 hobgoblins
  12 jackals
  9 kobolds
  8 quokkas
  A ball python skeleton (D:4)
  13 bats
  9 frilled lizards
  A leopard gecko skeleton (D:5)
  A rat (D:1)
295 creatures vanquished.

Notes
Turn   | Place    | Note
-------+----------+-------------------------------------------
     0 | D:1      | gohu the Demonspawn Fighter began the quest for the Orb.
     0 | D:1      | Reached XP level 1. HP: 18/18 MP: 1/1
   560 | D:1      | Gained mutation: You have a pair of small antennae on your
                  | head. [demonic ancestry]
   560 | D:1      | Reached XP level 2. HP: 24/24 MP: 2/2
   834 | D:2      | Found a shimmering altar of Xom.
   834 | D:2      | Found a glowing silver altar of Zin.
   834 | D:2      | Noticed an angel
   852 | D:2      | Gained mutation: You have a pair of antennae on your head.
                  | [demonic ancestry]
   852 | D:2      | Reached XP level 3. HP: 24/29 MP: 3/3
   918 | D:2      | Found a bloodstained altar of Trog.
   938 | D:2      | Became a worshipper of Trog the Wrathful
  1443 | D:2      | Reached XP level 4. HP: 36/37 MP: 4/4
  2100 | D:3      | Reached * piety under Trog
  2409 | D:3      | Gained mutation: Your flesh is cold resistant. (rC+)
                  | [demonic ancestry]
  2409 | D:3      | Reached XP level 5. HP: 40/42 MP: 5/5
  3156 | D:4      | Reached XP level 6. HP: 45/50 MP: 6/6
  3235 | D:4      | Reached skill level 5 in Fighting
  3731 | D:4      | Found a staircase to the Ecumenical Temple.
  3845 | D:4      | Found a sacrificial altar of Ru.
  3856 | D:4      | Gained mutation: You are partially covered in molten
                  | scales. (AC +2) [demonic ancestry]
  3856 | D:4      | Reached XP level 7. HP: 56/56 MP: 7/7
  4080 | D:5      | Entered Level 5 of the Dungeon
  4170 | D:5      | Noticed Grinder
  4172 | D:5      | Reached ** piety under Trog
  4639 | D:6      | Gained mutation: You are mostly covered in molten scales.
                  | (AC +3) [demonic ancestry]
  4639 | D:6      | Reached XP level 8. HP: 58/65 MP: 8/8
  4818 | D:6      | Noticed Menkaure
  4819 | D:6      | Found a shadowy altar of Dithmenos.
  4832 | D:6      | Killed Menkaure
  4932 | D:6      | Reached skill level 5 in Armour
  4932 | D:6      | Reached skill level 5 in Shields
  5363 | D:6      | Found a glowing golden altar of the Shining One.
  5539 | D:7      | Reached *** piety under Trog
  5539 | D:7      | Reached skill level 5 in Axes
  5582 | D:7      | Reached XP level 9. HP: 69/74 MP: 9/9
  6157 | D:5      | Noticed Prince Ribbit
  6212 | D:5      | Killed Grinder
  6289 | D:5      | Found Juanwaf's Gadget Boutique.
  6760 | D:5      | Noticed Edmund
  6771 | D:5      | Killed Edmund
  6928 | D:5      | Found a white marble altar of Elyvilon.
  6935 | D:5      | Noticed Pikel
  7045 | D:5      | Killed Pikel
  7199 | D:5      | Noticed Sigmund
  7203 | D:5      | Killed Sigmund
  7279 | D:5      | Killed Prince Ribbit
  7279 | D:5      | Reached XP level 10. HP: 78/83 MP: 10/10
  7526 | D:8      | Reached **** piety under Trog
  8259 | D:8      | Found Pase's Antique Armour Boutique.
  8264 | D:8      | Bought a pair of runed boots for 225 gold pieces
  8269 | D:8      | Identified a +2 pair of boots of running (You bought it in
                  | a shop on level 8 of the Dungeon)
  8593 | D:9      | Found a white marble altar of Elyvilon.
  8594 | D:9      | Found an ornate altar of the Wu Jian Council.
  8598 | D:9      | Found a deep blue altar of Sif Muna.
  8599 | D:9      | Found a bloodstained altar of Trog.
  8599 | D:9      | Found a shadowy altar of Dithmenos.
  8695 | D:9      | Found a hazy altar of Hepliaklqana.
  8871 | D:9      | Noticed a two-headed ogre
  8881 | D:9      | Killed a two-headed ogre
  9062 | D:9      | Found a staircase to the Lair.
  9062 | D:9      | Noticed an elephant
  9077 | D:9      | Killed an elephant
  9498 | D:10     | Entered Level 10 of the Dungeon
  9739 | D:10     | Found a snail-covered altar of Cheibriados.
  9815 | D:10     | Reached XP level 11. HP: 88/89 MP: 11/11
 10624 | D:10     | Reached ***** piety under Trog
 10672 | D:10     | Found a staircase to the Orcish Mines.
 11146 | D:11     | Noticed Erolcha
 11158 | D:11     | Killed Erolcha
 11362 | D:11     | Received a gift from Trog
 11382 | D:11     | Paralysed by a hornet for 3 turns
 12000 | D:11     | Noticed Nergalle
 12003 | D:11     | Noticed a spectral orc warlord
 12066 | D:11     | Killed Nergalle
 12069 | D:11     | HP: 5/133 [poisoned by Nergalle]
 12071 | D:11     | Slain by a worker ant

Skill      XL: |  1  2  3  4  5  6  7  8  9 10 11 |
---------------+----------------------------------+-----
Axes           | 2 3 4 5 6 8 9 |  9.9
Armour         | 3 4 5 6 7 8 |  8.7
Shields        | 3 4 5 6 7 8 |  8.7
Fighting       | 4 5 6 8 9 |  9.9

Action                   |  1- 3 |  4- 6 |  7- 9 | 10-12 || total
-------------------------+-------+-------+-------+-------++-------
Melee: War axe           |   167 |   210 |   517 |   603 ||  1497
Invok: Berserk           |       |     3 |     9 |     6 ||    18
       Trog's Hand       |       |       |       |     2 ||     2
Evoke: Wand              |       |       |     2 |     2 ||     4
  Use: Scroll            |       |       |     8 |     2 ||    10
 Stab: Paralysed         |       |       |     7 |     7 ||    14
  Eat: Chunk             |     2 |    11 |    24 |    41 ||    78
       Ration            |       |       |     2 |       ||     2
Armor: Scale mail        |    91 |   105 |   215 |   128 ||   539
       Storm dragon scal |       |       |       |   183 ||   183
Dodge: Dodged            |    29 |    42 |   136 |   144 ||   351
Block: Large shield      |   164 |   147 |       |       ||   311
       Shield            |       |     9 |   299 |   404 ||   712
